 Dungeon Crawl Stone Soup version 0.30.1-4-g462c640d31 (webtiles) character file.

Game seed: 16619185454986008886

65 Amplified the Cudgeller (level 3, -1/30 HPs)
             Began as a Demonspawn Reaver on Sept 8, 2023.
             Slain by Grinder (3 damage)
             ... on level 3 of the Dungeon.
             The game lasted 00:03:13 (2188 turns).

Amplified the Cudgeller (Demonspawn Reaver)         Turns: 2188, Time: 00:03:14

Health: -1/30      AC:  8    Str: 12 (14) XL:     3   Next: 94%
Magic:  6/6        EV: 11    Int: 12 (14) God:
Gold:   85         SH:  0    Dex:  9 (11) Spells: 2/6 levels left

rFire   . . .        a - +1 mace
rCold   . . .        (no shield)
rNeg    . . .        b - +0 leather armour
rPois   .            f - +0 hat
rElec   .            (no cloak)
rCorr   .            (no gloves)
SInv    +            l - +0 pair of boots
Will    .....        (no amulet)
Stlth   +            c - +4 ring of protection
HPRegen 0.25/turn    h - ring of see invisible
MPRegen 0.10/turn

%: no passive effects
@: no status effects
A: powered by pain 1, robust 1, MP-powered wands
a: no special abilities


You were on level 3 of the Dungeon.
You visited 1 branch of the dungeon, and saw 3 of its levels.

You collected 85 gold pieces.

Inventory:

Hand Weapons
 a - a +1 mace (weapon)
Armour
 b - a +0 leather armour (worn)
 f - a +0 hat (worn)
 l - a +0 pair of boots (worn)
Jewellery
 c - a +4 ring of protection (left hand)
 h - a ring of see invisible (right hand)
 i - a ring of protection from fire


   Skills:
 * Level 2.9 Fighting
 * Level 3.3 Maces & Flails
 * Level 1.7 Armour
 - Level 1.7 Dodging
 - Level 2.0 Spellcasting
 - Level 3.0 Conjurations


You had 2 spell levels left.
You knew the following spells:

 Your Spells              Type           Power      Damage    Failure   Level
a - Kiss of Death         Conj/Necr      16%        2d6       19%         1
b - Ozocubu's Armour      Ice            1%         N/A       71%         3

Your spell library contained the following spells:

 Spells                   Type           Power      Damage    Failure   Level
 Momentum Strike          Conj/Tloc      8%         3d8       28%         2
 Apportation              Tloc           2%         N/A       34%         1
 Hailstorm                Conj/Ice       4%         3d4       50%         3
 Call Canine Familiar     Summ           1%         N/A       71%         3
 Portal Projectile        Hex/Tloc       2%         N/A       71%         3
 Leda's Liquefaction      Hex/Erth       0%         N/A       98%         4
 Alistair's Intoxication  Tmut/Pois      0%         N/A       100%        5
 Ozocubu's Refrigeration  Ice            0%         4d7       100%        7


Dungeon Overview and Level Annotations

Branches:
Dungeon (3/15)

Altars:

Shops:
D:2 =

Annotations:
D:3 Grinder


Innate Abilities, Weirdness & Mutations

You sometimes gain a little power by taking damage.
You are robust. (+10% HP)
You expend magic power (3 MP) to strengthen your wands.


Message History

Grinder gestures at you.
You suddenly lose the ability to move!
You feel less wooden.
Your +0 hat unmelds from your body.
Your +0 pair of boots unmelds from your body.
Your +0 leather armour unmelds from your body.
Grinder gestures at you.
You barely resist. Grinder gestures at you. You resist with significant effort.
Grinder hits you.
* * * LOW HITPOINT WARNING * * *
You writhe in agony.
* * * LOW HITPOINT WARNING * * *
You can move again.
You closely miss Grinder.
Grinder is severely wounded.
Grinder drinks a potion.
Grinder is healed!
Unknown command.
It was a potion of curing.
You feel better. Grinder gestures at you. Pain shoots through your body!
* * * LOW HITPOINT WARNING * * *
You aren't carrying any scrolls.
Unknown command.
You aren't carrying any potions.
Unknown command.
You aren't carrying any scrolls.
Unknown command.
You aren't carrying any items that you can evoke.
Unknown command.
Cast which spell? (? or * to list)
You can't see any susceptible monsters within range! (Use Z to cast anyway.) Unknown command.
Found 10 gold pieces.
Found a stone staircase leading up.
Grinder says, "FISH!"
Grinder hits you!
* * * LOW HITPOINT WARNING * * *
You writhe in agony.
You die...

#.....# #...#.#
#...#.# #...#.#
#...#.# .# ..#...#.#
.#.#### .###.#(..#.#
.......###..#.#...#.#
...####@#<#.#.#...#.#
.$......5##.#.#...#.#
#..###..............#
.................###
..###.#..........#
##.####.#.#####
...5......#
...(....###
##########


You could see Grinder.

Vanquished Creatures
  An adder (D:2)
  A dart slug (D:3)
  5 orcs (D:3)
  6 endoplasms (D:2)
  4 giant cockroaches
  2 goblins
  4 hobgoblins
  3 jackals (D:2)
  2 kobolds
  4 ball pythons
  7 bats
  3 frilled lizards
  A rat (D:1)
43 creatures vanquished.

Notes
Turn   | Place    | Note
-------+----------+-------------------------------------------
     0 | D:1      | Amplified the Demonspawn Reaver began the quest for the
                  | Orb.
     0 | D:1      | Reached XP level 1. HP: 16/16 MP: 3/3
   334 | D:1      | Gained mutation: You sometimes gain a little power by
                  | taking damage. [demonic ancestry]
   334 | D:1      | Reached XP level 2. HP: 22/22 MP: 5/5
  1115 | D:2      | Reached skill level 1 in Armour
  1583 | D:2      | Reached XP level 3. HP: 28/28 MP: 6/6
  1622 | D:2      | Found Mici's Jewellery Emporium.
  2048 | D:3      | Learned a level 3 spell: Ozocubu's Armour
  2144 | D:3      | Noticed Grinder
  2149 | D:3      | Gained mutation: You expend magic power (3 MP) to
                  | strengthen your wands. [potion of mutation]
  2149 | D:3      | Gained mutation: You are robust. (+10% HP) [potion of
                  | mutation]
  2169 | D:3      | Paralysed by Grinder for 2 turns
  2179 | D:3      | Paralysed by Grinder for 4 turns
  2188 | D:3      | Slain by Grinder

Illustrated notes

Levels and vault maps discovered:
D:1:      lightli_arrival_noodles, layout_basic
D:2:      minmay_chambers_of_ones, layout_basic, serial_shops,
          nicolae_shop_window_shopping, corner_web_ring, hex_medium,
          minmay_tromino_v2
D:3:      layout_loops_ring, chequers_temple_overflow_statue_of_worship,
          uniq_ijyb, uniq_grinder, uniq_natasha

Skill      XL: |  1  2 |
---------------+-------+-----
Maces & Flails | 3 |  3.3
Armour         | 1 |  1.7
Fighting       | |  2.9
Dodging        | |  1.7
Spellcasting   | |  2.0
Conjurations   | |  3.0

Action                     || total
---------------------------++-------
  Melee: Mace              ||   189
         Punch             ||     1
    Use: Scroll            ||     2
         Potion            ||     6
   Stab: Invisible         ||     2
 Armour: Leather armour    ||    92
         Skin              ||    13
  Dodge: Dodged            ||   131
